 Dungeon Crawl Stone Soup version 0.29.1-13-g9f3cf754e1 (webtiles) character file.

Game seed: 11895709194637412637

84 Rikuski the Trooper (level 4, -3/35 HPs)
             Began as a Human Cinder Acolyte on Feb 9, 2023.
             Was a High Priest of Ignis.
             Slain by an orc wizard
             ... wielding a +0 dagger
              (4 damage)
             ... on level 4 of the Dungeon.
             The game lasted 00:07:33 (2330 turns).

Rikuski the Trooper (Human Cinder Acolyte)          Turns: 2330, Time: 00:07:35

Health: -3/35      AC:  9    Str: 16    XL:     4   Next: 74%
Magic:  6/6        EV:  6    Int: 14    God:    Ignis [*****.]
Gold:   115        SH:  0    Dex:  9    Spells: 4/6 levels left

rFire   + . .      SeeInvis .   h - +3 mace
rCold   . . .      Faith    .   g - +0 buckler
rNeg    . . .      Spirit   .   j - +0 chain mail
rPois   .          Reflect  .   i - +0 helmet
rElec   .          Harm     .   (no cloak)
rCorr   .          Rampage  .   (no gloves)
Will    .....                   (no boots)
Stlth   ..........              (no amulet)
HPRegen 0.11/turn               (no ring)
MPRegen 0.10/turn               (no ring)

@: confused, about to teleport
A: no striking features
a: Renounce Religion, Fiery Armour, Foxfire Swarm, Rising Flame


You were on level 4 of the Dungeon.
You worshipped Ignis.
Ignis was extremely pleased with you.
You visited 1 branch of the dungeon, and saw 3 of its levels.

You collected 115 gold pieces.

Inventory:

Hand Weapons
 a - a -1 falchion of flaming
 e - a +2 spectral club
 f - a +1 dagger of freezing
 h - a +3 mace (weapon)
Missiles
 k - 5 poisoned darts (quivered)
Armour
 b - a +0 robe
 g - a +0 buckler (worn)
 i - a +0 helmet (worn)
 j - a +0 chain mail (worn)
Scrolls
 l - a scroll of enchant weapon {unknown}
Potions
 d - a potion of attraction


   Skills:
 + Level 3.5 Fighting
 - Level 3.3 Long Blades
 * Level 1.5 Maces & Flails
 + Level 1.8 Spellcasting
 * Level 3.5 Fire Magic


You had 4 spell levels left.
You knew the following spells:

 Your Spells              Type           Power      Damage    Failure   Level
a - Scorch                Fire           22%        2d6       94%         2

Your spell library contained the following spells:

 Spells                   Type           Power      Damage    Failure   Level
 Tukima's Dance           Hex            1%         N/A       100%        3
 Passage of Golubria      Tloc           1%         N/A       100%        4
 Yara's Violent Unravell  Hex/Tmut       0%         3d3       100%        5


Dungeon Overview and Level Annotations

Branches:
Dungeon (2/15)

Altars:
Makhleb

Annotations:
D:2 Terence


Message History

The orc wizard hits you with a +0 dagger.
The orc wizard hits you but does no damage.
You're too confused to move!
Something hits you but does no damage. The orc hits you with a +0 dagger.
The orc wizard points at you and mumbles some strange words.
You resist with some effort.
You hit the orc.
The orc is heavily wounded.
You feel less confused.
You hear some strange, mumbled words.
A magic dart appears from out of thin air!
The magic dart hits you.
* * * LOW HITPOINT WARNING * * *
The orc wizard hits you with a +0 dagger.
* * * LOW HITPOINT WARNING * * *
The orc barely misses you. The orc hits you but does no damage.
Something hits you but does no damage. You block the orc wizard's attack.
You closely miss the orc.
The orc is heavily wounded.
Something hits you but does no damage.
The orc wizard hits you but does no damage.
The orc hits you but does no damage. Something hits you but does no damage.
The orc wizard hits you but does no damage.
The orc barely misses you. Something hits you.
* * * LOW HITPOINT WARNING * * *
Okay, then.
As you read the scroll of teleportation, it crumbles to dust.
You feel strangely unstable. Something hits you.
* * * LOW HITPOINT WARNING * * *
The orc barely misses you.
The orc wizard hits you but does no damage.
You hit something.
You hear some strange, mumbled words.
You are confused.
The orc hits you with a +0 dagger.
* * * LOW HITPOINT WARNING * * *
The orc wizard hits you with a +0 dagger.
You die...

........................
.....................###
......>.............###⌠
....................##§≈
.....!..............##≈.
....)...†...........#⌠≈.
.........).?....... ##≈.
.......oo.........# #⌠≈.
.......@.........## ##≈.
................## #≈≈
!................. ##⌠
.............$#...# ##
.............##..##
............## .#
..........##.
...#....... .#


You could see an orc wizard and an orc.

Vanquished Creatures
  Natasha (D:2)
  Robin (D:2)
  A dart slug (D:4)
  An orc (D:4)
  4 ball pythons
  3 endoplasms (D:1)
  2 giant cockroaches
  11 goblins
  7 hobgoblins
  3 quokkas
  4 bats
  2 frilled lizards (D:1)
  3 kobolds
  2 rats
45 creatures vanquished.

Vanquished Creatures (others)
  3 goblins (D:2)
3 creatures vanquished.

Grand Total: 48 creatures vanquished

Notes
Turn   | Place    | Note
-------+----------+-------------------------------------------
     0 | D:1      | Rikuski the Human Cinder Acolyte began the quest for the
                  | Orb.
     0 | D:1      | Reached XP level 1. HP: 18/18 MP: 2/2
   545 | D:1      | Reached XP level 2. HP: 23/24 MP: 3/3
   711 | D:1      | Learned a level 2 spell: Scorch
  1233 | D:1      | Reached XP level 3. HP: 18/29 MP: 5/5
  1841 | D:2      | Noticed Natasha
  1846 | D:2      | Killed Natasha
  1847 | D:2      | Reached skill level 1 in Maces & Flails
  1848 | D:2      | Reached XP level 4. HP: 28/35 MP: 6/6
  1869 | D:2      | Noticed Robin
  1885 | D:2      | Killed Robin
  2116 | D:2      | Noticed Terence
  2196 | D:2      | You fall into a shaft and drop 2 floors!
  2196 | D:4      | Found a burning altar of Makhleb.
  2330 | D:4      | HP: 1/35 [orc/+0 dagger (2)]
  2330 | D:4      | Slain by an orc wizard

Illustrated notes

Levels and vault maps discovered:
D:1:      minmay_arrival_widening_spiral_narrow, layout_loops_ring,
          minmay_misc_feat_diagonals
D:2:      layout_loops_ring, shapermc_ecumenical_altar_acropolis, uniq_natasha,
          uniq_robin, uniq_terence
D:4:      layout_layer_cave, lightli_temple_of_fire, serial_rivers,
          chequers_serial_rivers_micro_b, chequers_serial_rivers_small_b,
          chequers_serial_rivers_micro_e, chequers_serial_rivers_small_3,
          gammafunk_ghost_smash, minmay_strange_pillars, abandoned_shop

Skill      XL: |  1  2  3 |
---------------+----------+-----
Maces & Flails | 1 |  1.5
Fighting       | |  3.5
Long Blades    | |  3.3
Spellcasting   | |  1.8
Fire Magic     | |  3.5

Action                   |  1- 3 |  4- 6 || total
-------------------------+-------+-------++-------
Melee: Falchion          |    70 |       ||    70
       Mace              |    12 |    55 ||    67
 Cast: Scorch            |     1 |       ||     1
  Use: Potion            |       |     4 ||     4
       Scroll            |       |     2 ||     2
 Stab: Invisible         |       |     1 ||     1
Armor: Robe              |     7 |       ||     7
       Chain mail        |     7 |    83 ||    90
Dodge: Dodged            |    59 |    54 ||   113
Block: Buckler           |     1 |    12 ||    13
